 Dungeon Crawl Stone Soup version 0.29-a0-337-g68df138881 (webtiles) character file.

Game seed: 14040727897974692571

1180 mattiecakes the Magician (level 8, -6/45 HPs)
             Began as a Djinni Fire Elementalist on Apr 16, 2022.
             Was a Follower of Hepliaklqana.
             Mangled by an iguana (8 damage)
             ... on level 5 of the Dungeon on Apr 17, 2022.
             The game lasted 00:23:06 (6864 turns).

mattiecakes the Magician (Djinni Fire Elementalist) Turns: 6864, Time: 00:23:07

Health: -6/45      AC:  4    Str:  7    XL:     8   Next: 69%
Gold:   216        EV: 12    Int: 18    God:    Hepliaklqana [*.....] SH:  0 Dex: 15

rFire   + + +      SeeInvis .   f - +0 dagger
rCold   x x .      Faith    .   (no shield)
rNeg    + . .      Spirit   .   s - +1 robe {Archmagi}
rPois   ∞          Reflect  .   (no helmet)
rElec   .          Harm     .   (no cloak)
rCorr   .          Rampage  .   p - +0 pair of gloves
Will    .....      Archmagi +   (boots unavailable)
Stlth   ++........              (no amulet)
HPRegen 0.15/turn               q - ring of positive energy
MPRegen 0.00/turn               b - ring of fire

@: about to teleport, flying
A: reduced essence, sickness immunity, fire resistance 2, cold vulnerability 1,
float, innate caster, HP casting, extra vitality 1
a: Renounce Religion, Recall Ancestor, Ancestor Identity


You were on level 5 of the Dungeon.
You worshipped Hepliaklqana.
Hepliaklqana was aware of your devotion.
You visited 2 branches of the dungeon, and saw 6 of its levels.

You collected 216 gold pieces.

Inventory:

Hand Weapons
 f - a +0 dagger (weapon)
 r - a +1 whip of flaming
Armour
 a - a +0 robe
 m - a +0 scale mail
 p - a +0 pair of gloves (worn)
 s - a +1 robe of the Archmagi (worn)
Jewellery
 b - a ring of fire (right hand)
 k - a ring of fire
 q - a ring of positive energy (left hand)
Wands
 v - a wand of iceblast (13)
Scrolls
 c - a scroll of blinking {unknown}
 e - 2 scrolls of noise
 g - a scroll of teleportation
 h - 4 scrolls of identify
 j - 2 scrolls of amnesia {unknown}
 n - a scroll of fear {unknown}
 t - a scroll of immolation {unknown}
Potions
 d - a potion of brilliance
 i - a potion of haste {unknown}
 l - a potion of degeneration {unknown}
 o - a potion of ambrosia {unknown}


   Skills:
 - Level 2.3 Dodging
 - Level 1.7 Stealth
 + Level 7.8 Spellcasting
 + Level 1.1 Invocations


You had 3 spell levels left.
You knew the following spells:

 Your Spells              Type           Power      Damage    Failure   Level
a - Foxfire               Conj/Fire      100%       2x1d9     1%          1
b - Scorch                Fire           100%       2d10      1%          2
c - Conjure Flame         Conj/Fire      68%        6-21      1%          3
d - Inner Flame           Hex/Fire       68%        N/A       1%          3
e - Flame Wave            Conj/Fire      68%        2d13      4%          4
f - Magic Dart            Conj           100%       1d8       1%          1
g - Call Imp              Summ           51%        N/A       1%          2
h - Ignite Poison         Fire/Tmut/Pois 68%        N/A       1%          3
Your spell library was empty.

Dungeon Overview and Level Annotations

Branches:
Dungeon (5/15)             Temple (1/1) D:4

Altars:
Ashenzari
Cheibriados
Dithmenos
Elyvilon
Fedhas
Gozag
Hepliaklqana
Kikubaaqudgha
Makhleb
Nemelex Xobeh
Okawaru
Qazlal
Ru
Sif Muna
Trog
Uskayaw
Vehumet
Wu Jian
Xom
Yredelemnul
Zin

Shops:
D:1 *   D:2 ?(   D:4 (


Innate Abilities, Weirdness & Mutations

Your life essence is reduced to manifest your ancestor. (-10% HP)
You are immune to sickness and miasma.
You are immune to poison.
Your flesh is very heat resistant. (rF++)
You are vulnerable to cold. (rC-)
You float through the air rather than walking.
You learn spells naturally, not from books.
Your magical power is your life essence.
You have superior vitality. (+4 MHP)


Message History

You feel a strong surge of power!
Flames lash the scorpion.
The scorpion is almost dead.
The scorpion's fire resistance burns away.
The scorpion barely misses you.
Casting: Scorch (safe; 1% risk of failure)
Confirm with . or Enter, or press ? or * to list all spells.
You feel a strong surge of power!
Flames lash something.
The scorpion closely misses you.
Casting: Scorch (safe; 1% risk of failure)
Confirm with . or Enter, or press ? or * to list all spells.
You feel a strong surge of power!
Flames lash the scorpion.
The scorpion is burned terribly!
You kill the scorpion!
The orc priest calls down the wrath of Beogh upon you.
Beogh smites you!
* * * LOW HITPOINT WARNING * * *
You hear some strange, mumbled words.
A puff of flame appears from out of thin air!
The puff of flame hits you but does no damage.
You resist.
Your Invocations skill increases to level 1!
You feel much better. The iguana attacks as you move away!
The iguana bites you.
Casting: Scorch (safe; 1% risk of failure)
Confirm with . or Enter, or press ? or * to list all spells.
You feel a strong surge of power!
The fire begins to smoulder!
The iguana bites you!
Found a scroll of identify.
The iguana smothers the flame.
Casting: Conjure Flame (safe; 1% risk of failure)
Confirm with . or Enter, or press ? or * to list all spells.
You feel a strong surge of power!
The fire begins to smoulder!
* * * LOW HITPOINT WARNING * * *
The iguana bites you.
* * * LOW HITPOINT WARNING * * *
The iguana smothers the flame.
The iguana attacks as you move away! The iguana bites you.
* * * LOW HITPOINT WARNING * * *
As you read the scroll of teleportation, it crumbles to dust.
You feel strangely unstable. The iguana bites you!
You die...

.####..#..#####..###.....#...##
..###..#.....##...#.o........#
.......#.###........#..##....#
........####...†...##..# #...#
.....#........###.###..# ....
÷.#>.###.#...####...#.## ...
..##...####.###.##..#.#.# ..
..##...####......l.....?..
...#.....##.....@....#....
##........###.............
#.........................
##...#......####..##.##...
##..##......####.....# ##.
....##....÷...........
:....#..###.....#.#. .....# .##
##.....#####.....)### ....##..
###.......##.......# .......


You could see an iguana.

Vanquished Creatures
  Pikel (D:3)
  An ice beast (D:5)
  2 lemures
  2 necrophages
  A scorpion (D:5)
  A jelly (D:4)
  An orc priest (D:3)
  4 iguanas
  An orc wizard (D:5)
  6 adders
  2 worms
  A dart slug (D:4)
  7 orcs
  8 ball pythons
  3 bats
  6 endoplasms
  2 giant cockroaches
  3 goblins
  4 hobgoblins
  12 jackals
  3 kobolds
  4 quokkas
  A frilled lizard (D:3)
  4 rats
80 creatures vanquished.

Vanquished Creatures (collateral kills)
  An ogre (D:4)
  A hound (D:5)
  2 orcs (D:3)
  A jackal (D:4)
5 creatures vanquished.

Vanquished Creatures (others)
  An ancestor (D:5)
  122 foxfires
  3 plants (D:2)
126 creatures vanquished.

Grand Total: 211 creatures vanquished

Notes
Turn   | Place    | Note
-------+----------+-------------------------------------------
     0 | D:1      | mattiecakes the Djinni Fire Elementalist began the quest
                  | for the Orb.
     0 | D:1      | Reached XP level 1. HP: 15/15 MP: 0/0
   342 | D:1      | Found Etobau's General Store.
   806 | D:1      | Reached XP level 2. HP: 19/21 MP: 0/0
  1432 | D:2      | Reached skill level 3 in Spellcasting
  1432 | D:2      | Reached XP level 3. HP: 18/25 MP: 0/0
  1432 | D:2      | Learned a level 1 spell: Magic Dart
  1523 | D:2      | Found Erhole's Magic Scroll Emporium.
  1704 | D:2      | Reached XP level 4. HP: 27/31 MP: 0/0
  2273 | D:2      | Found a faded altar of an unknown god.
  2288 | D:2      | Found Iviovvah's Antique Weapon Shoppe.
  2715 | D:3      | Reached skill level 4 in Spellcasting
  2715 | D:3      | Reached XP level 5. HP: 12/35 MP: 0/0
  2715 | D:3      | Learned a level 2 spell: Call Imp
  3947 | D:3      | Found an iron altar of Okawaru.
  3991 | D:4      | Found Vadyt's Weapon Emporium.
  3998 | D:4      | Noticed an ogre
  4009 | D:4      | Killed an ogre
  4010 | D:4      | Reached XP level 6. HP: 19/40 MP: 0/0
  4216 | D:4      | Reached skill level 5 in Spellcasting
  4300 | D:4      | Found a staircase to the Ecumenical Temple.
  4602 | Temple   | Entered the Ecumenical Temple
  4847 | Temple   | Became a worshipper of Hepliaklqana the Forgotten
  5355 | D:5      | Entered Level 5 of the Dungeon
  5357 | D:5      | Noticed Pikel
  5578 | D:4      | HP: 2/40 [lemure[Pikel] (7)]
  5814 | D:3      | Killed Pikel
  5815 | D:3      | Reached skill level 6 in Spellcasting
  5815 | D:3      | Reached XP level 7. HP: 8/45 MP: 0/0
  5815 | D:3      | Learned a level 3 spell: Ignite Poison
  5815 | D:3      | Reached XP level 8. HP: 9/50 MP: 0/0
  6126 | D:5      | Reached skill level 7 in Spellcasting
  6823 | D:5      | Reached * piety under Hepliaklqana
  6855 | D:5      | Reached skill level 1 in Invocations
  6863 | D:5      | HP: 2/45 [iguana (6)]
  6864 | D:5      | Mangled by an iguana

Illustrated notes

Levels and vault maps discovered:
D:1:      dpeg_arrival_court, layout_basic, serial_shops,
          nicolae_shop_temple_entry_statues_fountains
D:2:      layout_loops_ring, chequers_ecumenical_altar_lobes, serial_shops,
          nicolae_shop_behind_doors, nicolae_shop_crystal
D:3:      layout_loops_corners, okawaru_ov_weapons_minmay
D:4:      layout_cave_pools, minmay_temple_entry_mini_moons, serial_shops, shop
D:5:      layout_cave_pools, uniq_pikel
Temple:   regret_index_temple_chain_breaker

Skill      XL: |  1  2  3  4  5  6  7  8 |
---------------+-------------------------+-----
Spellcasting   | 3 4 6 7 |  7.8
Invocations    | 1 |  1.1
Dodging        | |  2.3
Stealth        | |  1.7

Action                   |  1- 3 |  4- 6 |  7- 9 || total
-------------------------+-------+-------+-------++-------
Melee: Dagger            |       |     1 |       ||     1
 Cast: Foxfire           |    45 |    44 |     5 ||    94
       Scorch            |       |    47 |    27 ||    74
       Conjure Flame     |       |     3 |     7 ||    10
       Flame Wave        |       |     3 |       ||     3
       Call Imp          |       |     7 |     2 ||     9
       Magic Dart        |       |     5 |     8 ||    13
       Inner Flame       |       |     1 |       ||     1
  Use: Potion            |       |     7 |     1 ||     8
       Scroll            |       |     2 |     1 ||     3
 Stab: Sleeping          |       |     1 |       ||     1
Armor: Robe              |     6 |     9 |       ||    15
Dodge: Dodged            |    20 |    58 |     5 ||    83

Table legend: (Time is in decaauts)
 A = Elapsed time spent in this place.
 B = Non-inter-level travel time spent in this place.
 C = Inter-level travel time spent in this place.
 D = Time resting spent in this place.
 E = Time spent auto-exploring this place.
 F = Levels seen in this place.
 G = Mean time per level.
                   A        B        C        D        E       F      G
               +--------+--------+--------+--------+--------+-----+--------+
         Total |   6866 |   6664 |    202 |   2086 |   3703 |   6 | 1144.3 |
       Dungeon |   6600 |   6458 |    142 |   2086 |   3552 |   5 | 1320.0 |
        Temple |    265 |    205 |     60 |      0 |    151 |   1 |  265.0 |
               +--------+--------+--------+--------+--------+-----+--------+

Top non-repeatable levels by time:
     D:3: 2238 daAuts
     D:4: 1215 daAuts
     D:2: 1188 daAuts
     D:1: 1173 daAuts
     D:5: 784 daAuts
  Temple: 265 daAuts
